 Dungeon Sprint DCSS version 0.27-a0-1456-gf5a116941d (webtiles) character file.

Game seed: 12345439374820955547

4 mhtbhm the Cutter (level 1, 0/15 HPs)
             Began as a Kobold Berserker on July 5, 2021.
             Was a Believer of Trog.
             Killed by divine providence
             ... invoked by an orc priest
              (15 damage)
             ... in the Dungeon (Sprint IX: "|||||||||||||||||||||||||||||").
             The game lasted 00:00:03 (46 turns).

mhtbhm the Cutter (Kobold Berserker)                  Turns: 46, Time: 00:00:04

Health: 0/15       AC:  2    Str: 14    XL:     1   Next: 66%
Magic:  1/1        EV: 15    Int:  8    God:    Trog [**....]
Gold:   0          SH:  0    Dex: 14    Spells: 0/0 levels left

rFire    . . .     SeeInvis .   a - +0 short sword
rCold    . . .     Faith    .   (shield restricted)
rNeg     . . .     Spirit   .   b - +0 animal skin
rPois    .         Reflect  .   (no helmet)
rElec    .         Harm     .   (no cloak)
rCorr    .         Rampage  .   (no gloves)
Will     .....     NoTele   +   (no boots)
Stlth    ++........             (no amulet)
HPRegen  0.05/turn              (no ring)
MPRegen  0.07/turn              (no ring)

@: no status effects
A: small, no large weapons, nightstalker 3
a: Renounce Religion, Berserk, Trog's Hand


You were in the Dungeon.
You worshipped Trog.
Trog was pleased with you.
You visited 1 branch

Inventory:

Hand Weapons
 a - a +0 short sword (weapon)
Armour
 b - a +0 animal skin (worn)
Scrolls
 h - a scroll of blinking
Potions
 c - a potion of curing
 d - a potion of heal wounds
 e - a potion of haste
 f - 2 potions of magic
 g - a potion of berserk rage


   Skills:
 + Level 4.0 Fighting
 + Level 4.7 Short Blades
 + Level 1.7 Armour
 + Level 2.6 Dodging
 + Level 0.5 Stealth


You couldn't memorise any spells.
You didn't know any spells.
Your spell library was empty.

Dungeon Overview and Level Annotations

Branches:
Dungeon (1/1)

Altars:


Innate Abilities, Weirdness & Mutations

You are small and have problems with some larger weapons.
You are completely attuned to the shadows.


Message History

You kill the kobold!
Trog accepts your kill.
You can now call upon Trog for regeneration and willpower.
The frilled lizard closely misses you.
Items here: ( )) †.
You barely miss the frilled lizard. The frilled lizard closely misses you.
You closely miss the frilled lizard. The frilled lizard bites you.
You miss the frilled lizard. The frilled lizard barely misses you.
You hit the frilled lizard.
You kill the frilled lizard!
Trog accepts your kill.
You hit the ball python.
The ball python is severely wounded.
The ball python barely misses you. The ball python misses you.
The ball python completely misses you. The ball python barely misses you.
You closely miss the ball python.
The ball python is severely wounded.
The ball python misses you. The ball python completely misses you.
You barely miss the ball python.
The ball python is severely wounded.
The ball python completely misses you. The ball python barely misses you.
You hit the ball python.
You kill the ball python!
Trog accepts your kill.
Your Fighting skill increases to level 4!
No target in view!
No target in view!
No target in view!
Things that are here:
a ball python corpse; a frilled lizard corpse You start resting.
HP restored.
As you open the door, it creaks loudly!
A hound, an orc and an orc priest come into view.
The hound barks!
The orc priest shouts!
You hear an angry hiss.
You hit the hound but do no damage. The hound completely misses you.
The orc priest calls down the wrath of Beogh upon you.
Beogh smites you!
Ouch! That really hurt!
You die... ▓▓▓▓▓▓▓▓▓▓▓▓▓▓▓ ▓<...'†)†.@h.oo ▓▓▓▓▓▓▓▓▓▓▓▓▓▓▓

You could see a hound, an orc priest and an orc.

Vanquished Creatures
  A goblin (D)
  2 ball pythons (D)
  A frilled lizard (D)
  A kobold (D)
5 creatures vanquished.

Notes
Turn   | Place    | Note
-------+----------+-------------------------------------------
     0 | D        | mhtbhm the Kobold Berserker began the quest for the Orb.
     0 | D        | Reached XP level 1. HP: 14/14 MP: 1/1
     8 | D        | Reached ** piety under Trog
    45 | D        | Noticed a hound
    45 | D        | Noticed an orc priest
    46 | D        | Killed from afar by an orc priest

Illustrated notes

Levels and vault maps discovered:
D:        linesprint [early_d, line_temple, items_1, d_10, items_2, lair_1,
          lair_end, items_3, orc_1, orc_end, items_4, d_15, swamp_1, shoals_1,
          snake_1, spider_1, d_20, vaults_1, items_5, swamp_end, shoals_end,
          snake_end, spider_end, vaults_end, d_27, items_6, zot_1, zot_end,
          crypt_end, forest_end, elf_end, slime_end, tomb_end, abyss_end,
          pan_hell_end]

Skill      XL: |  1 |
---------------+----+-----
Fighting       | 4 |  4.0
Short Blades   | |  4.7
Armour         | |  1.7
Dodging        | |  2.6
Stealth        | |  0.5

Action                   || total
-------------------------++-------
Melee: Short sword       ||    12
 Stab: Sleeping          ||     2
Dodge: Dodged            ||    12

Table legend: (Time is in decaauts)
 A = Elapsed time spent in this place.
 B = Non-inter-level travel time spent in this place.
 C = Inter-level travel time spent in this place.
 D = Time resting spent in this place.
 E = Time spent auto-exploring this place.
 F = Levels seen in this place.
 G = Mean time per level.
                   A        B        C        D        E       F      G
               +--------+--------+--------+--------+--------+-----+--------+
         Total |     44 |     44 |      0 |     24 |      3 |   1 |   44.0 |
       Dungeon |     44 |     44 |      0 |     24 |      3 |   1 |   44.0 |
               +--------+--------+--------+--------+--------+-----+--------+

Top non-repeatable levels by time:
       D: 44 daAuts
